Map: 瑟拉斯废墟

Players

Autism - Winner!

  • Race: Zerg Zerg

shengy

  • Race: Zerg Zerg
  • League: Platinum

VOD

Have the link to the VOD?

Description

Time

  • Played on: Dec. 30, 2015, 8:05 p.m.
  • Length: 21:07
Show
View Real Time Build Order
Export as new Build Order

Autism Zerg - Winner!

Build Orders: Hatch First, Lurkers 

Get SALT Encoding   

  12  0:01  Drone  
  13  0:13  Overlord  
  13  0:18  Drone  
  14  0:32  Drone x2  
  16  0:36  Drone  
  17  0:55  Hatchery  
  16  1:00  Drone  
  16  1:01  Extractor  
  16  1:13  Spawning Pool  
  16  1:16  Drone  
  16  1:19  Drone  
  16  1:24  Drone  
  18  1:35  Overlord  
  18  1:40  Drone  
  19  1:53  Drone  
  20  2:01  Metabolic Boost  
  20  2:07  Queen  
  22  2:11  Queen  
  22  2:13  Zergling x2  
  22  2:14  Zergling x2  
  26  2:23  Baneling Nest  
  26  2:24  Drone  
  26  2:28  Drone  
  27  2:32  Drone  
  28  2:42  Drone x3  
  31  2:49  Overlord  
  31  2:54  Drone  
  32  3:11  Drone x3  
  35  3:12  Baneling  
  35  3:13  Baneling x2  
  35  3:14  Zergling x2  
  36  3:23  Zergling x8  
  36  3:25  Drone x2  
  42  3:40  Extractor  
  41  3:44  Drone  
  41  3:45  Drone x2  
  43  3:50  Overlord x3  
  43  3:55  Roach Warren  
  42  4:13  Drone x5  
  42  4:14  Drone  
  48  4:24  Drone x2  
  48  4:25  Drone x2  
  48  4:31  Baneling x5  
  52  4:37  Roach x2  
  52  4:38  Roach x3  
  61  4:51  Lair  
  61  4:54  Extractor  
  61  4:56  Extractor  
  61  4:58  Drone x5  
  64  5:06  Roach x2  
  68  5:08  Overlord x2  
  68  5:09  Overlord  
  68  5:37  Hatchery  
  68  5:39  Evolution Chamber  
  68  5:40  Roach x3  
  68  5:41  Evolution Chamber, Roach x5  
  81  5:48  Overseer  
  81  5:54  Glial Reconstitution, Hydralisk Den  
  81  5:56  Drone x2  
  83  5:57  Drone  
  83  5:58  Drone  
  83  6:16  Zerg Missile Weapons Level 1  
  83  6:17  Zerg Ground Armor Level 1  
  83  6:23  Lurker Den  
  83  6:45  Drone x12  
  82  7:02  Queen  
  84  7:10  Drone  
  84  7:11  Drone x6  
  91  7:31  Drone  
  91  7:32  Drone x5  
  91  7:35  Overlord x2  
  91  7:36  Overlord x3  
  97  7:37  Extractor  
  97  7:38  Extractor  
  97  7:42  Ravager x3  
  98  7:53  Hydralisk  
  98  7:56  Spine Crawler  
  98  7:57  Spine Crawler  
  98  8:00  Spine Crawler  
  97  8:08  Hydralisk x3  
  97  8:09  Hydralisk x5  
  113  8:21  Drone x3  
  113  8:22  Drone x6  
  113  8:23  Drone  
  123  8:35  Lurker  
  123  8:36  Lurker  
  123  8:41  Zerg Ground Armor Level 2, Zerg Missile Weapons Level 2  
  125  8:43  Muscular Augments  
  125  8:58  Hatchery  
  124  9:04  Overlord  
  124  9:05  Overlord x6  
  124  9:23  Lurker x4  
  129  9:24  Lurker x3  
  129  9:28  Roach x7  
  129  9:29  Roach x2  
  149  9:40  Zergling x2  
  149  9:41  Zergling x16  
  158  10:01  Infestation Pit  
  158  10:05  Drone x6  
  158  10:06  Overlord x4  
  163  10:19  Queen  
  165  10:24  Overlord x3  
  165  10:46  Spine Crawler  
  165  10:48  Spine Crawler x2  
  153  11:04  Extractor  
  153  11:05  Extractor  
  153  11:09  Hive  
  151  11:12  Drone x3  
  151  11:13  Drone  
  151  11:14  Hydralisk  
  151  11:15  Hydralisk x7  
  151  11:16  Hydralisk  
  173  11:18  Roach  
  173  11:19  Roach x4  
  173  11:25  Overseer, Pneumatized Carapace  
  183  11:26  Overseer x2  
  183  11:44  Roach  
  187  11:57  Zergling x20  
  195  12:38  Hatchery  
  194  12:49  Zerg Missile Weapons Level 3  
  194  12:50  Zerg Ground Armor Level 3  
  194  12:53  Spire  
  193  13:15  Hatchery  
  193  13:17  Drone x3  
  193  13:18  Overlord x3  
  185  13:50  Ultralisk Cavern  
  185  13:51  Roach x5  
  185  13:52  Roach x2  
  198  14:09  Greater Spire  
  196  14:42  Spine Crawler  
  196  14:43  Spine Crawler  
  196  14:44  Chitinous Plating  
  196  14:45  Spine Crawler  
  193  14:48  Corruptor x3  
  199  15:25  Spine Crawler x2  
  199  15:26  Spine Crawler  
  196  15:39  Queen  
  198  15:45  Zerg Flyer Weapons Level 1  
  162  16:18  Brood Lord x3  
  142  16:19  Corruptor x6  
  142  16:20  Corruptor x2  
  142  16:22  Roach  
  142  16:23  Roach x7  
  142  16:24  Roach x6  
  142  16:25  Roach x6  
  194  16:26  Roach x2  
  189  17:36  Brood Lord x3  
  189  17:37  Brood Lord x2  
  151  18:06  Brood Lord x3  
  151  18:07  Roach x4  
  151  18:08  Roach x20  
  199  18:42  Hatchery  
  198  18:55  Hatchery  
  197  19:00  Hatchery  
  174  19:28  Roach x12  
  186  19:56  Overseer x4  
  186  19:59  Roach  
  183  20:00  Roach x6  
  183  20:01  Roach x3  
  173  20:22  Hydralisk  
  173  20:23  Hydralisk x7  
Show
View Real Time Build Order
Export as new Build Order

shengy Zerg 

Build Orders: Pool First 

Get SALT Encoding   

  12  0:01  Drone  
  13  0:08  Drone  
  14  0:17  Overlord  
  14  0:26  Drone, Extractor  
  15  0:36  Drone x2  
  17  0:45  Drone  
  18  0:51  Spawning Pool  
  18  0:56  Drone  
  18  1:05  Drone  
  19  1:22  Hatchery  
  19  1:25  Drone  
  19  1:29  Overlord  
  19  1:47  Queen  
  19  1:50  Extractor  
  19  1:51  Drone  
  19  1:52  Drone  
  22  2:03  Zergling x2  
  23  2:13  Spine Crawler  
  23  2:15  Drone  
  23  2:23  Drone  
  24  2:31  Queen  
  24  2:33  Queen  
  24  2:35  Overlord  
  24  2:36  Zergling x2  
  29  2:42  Overlord  
  29  2:52  Metabolic Boost  
  29  3:05  Drone x5  
  34  3:18  Queen  
  36  3:20  Zergling x2  
  37  3:35  Baneling Nest  
  37  3:36  Evolution Chamber  
  37  3:40  Zergling x8  
  37  3:41  Zergling x2  
  40  3:53  Drone  
  40  3:54  Roach Warren, Drone  
  41  4:12  Drone x3  
  41  4:13  Lair  
  44  4:29  Drone x2, Extractor  
  44  4:30  Drone  
  46  4:33  Drone x3  
  46  4:34  Drone x2  
  51  4:56  Overlord x2  
  51  4:57  Overlord  
  51  5:11  Glial Reconstitution  
  51  5:13  Drone  
  52  5:16  Extractor  
  52  5:17  Evolution Chamber  
  52  5:18  Zerg Missile Weapons Level 1  
  52  5:28  Drone x4  
  52  5:29  Drone  
  55  5:41  Hydralisk Den  
  54  5:43  Baneling x4  
  54  5:51  Roach  
  54  5:53  Roach  
  58  6:04  Extractor  
  58  6:09  Overlord  
  56  6:13  Baneling x4  
  55  6:25  Roach x5  
  64  6:44  Roach x6  
  75  6:57  Drone  
  75  6:58  Overlord x4  
  75  6:59  Overlord  
  75  7:00  Baneling  
  75  7:01  Baneling  
  76  7:09  Overlord  
  76  7:18  Roach x2  
  76  7:19  Roach x2  
  76  7:20  Zerg Missile Weapons Level 2  
  84  7:31  Lurker Den  
  84  7:34  Zergling x2  
  84  7:35  Zergling x8  
  89  8:00  Hatchery, Infestation Pit  
  89  8:01  Hydralisk x5  
  89  8:03  Extractor  
  89  8:05  Extractor  
  95  8:14  Zerg Ground Armor Level 1  
  95  8:41  Overlord  
  95  8:42  Roach  
  95  8:43  Roach x9  
  115  9:04  Hive  
  115  9:05  Hatchery  
  115  9:07  Drone x2  
  116  9:24  Overlord x3  
  116  9:36  Hatchery  
  115  9:42  Drone x3  
  118  9:46  Drone x2  
  118  9:50  Zergling x2  
  121  9:58  Overseer  
  121  10:13  Overseer  
  121  10:14  Pneumatized Carapace  
  121  10:16  Hydralisk x3  
  127  10:32  Adrenal Glands  
  127  10:37  Ultralisk Cavern, Overlord  
  120  10:43  Drone x2  
  120  10:54  Drone x3  
  123  10:57  Drone  
  124  11:11  Drone  
  124  11:12  Drone x4  
  129  11:20  Drone x2  
  131  11:26  Chitinous Plating  
  131  11:30  Drone  
  132  11:46  Drone x3  
  132  11:47  Drone x6  
  141  11:55  Drone x4  
  145  12:02  Drone x3  
  145  12:03  Overseer  
  148  12:29  Spine Crawler x2  
  146  12:30  Spine Crawler  
  144  12:40  Ultralisk  
  144  12:41  Ultralisk x2  
  162  12:55  Queen  
  164  13:00  Overlord x4  
  164  13:11  Zergling x4  
  166  13:18  Extractor  
  166  13:19  Extractor  
  164  13:20  Spine Crawler  
  164  13:21  Drone x2, Spine Crawler x2  
  164  13:22  Baneling x2  
  164  13:23  Spine Crawler  
  162  13:29  Queen  
  162  13:33  Ultralisk x2  
  175  13:49  Spine Crawler  
  175  13:54  Zerg Ground Armor Level 2  
  175  13:55  Zerg Missile Weapons Level 3  
  174  14:04  Baneling  
  174  14:05  Baneling x5  
  174  14:07  Hydralisk x3  
  174  14:08  Roach x3  
  160  14:49  Drone  
  160  14:50  Drone x2  
  160  14:51  Overlord x2  
  163  14:56  Tunneling Claws  
  163  14:57  Overseer  
  163  14:58  Burrow  
  163  15:02  Lurker x10  
  163  15:03  Lurker  
  174  15:10  Hydralisk  
  174  15:11  Hydralisk x3  
  174  15:12  Hydralisk  
  184  15:25  Zergling x2  
  184  15:26  Zergling x2  
  184  15:28  Zergling x2  
  180  16:08  Hatchery  
  180  16:09  Hatchery  
  169  16:29  Ultralisk x3  
  187  16:41  Hatchery  
  162  17:29  Spire, Centrifical Hooks  
  158  17:30  Spire  
  100  18:08  Zerg Ground Armor Level 3  
  100  18:26  Zergling x2  
  102  18:27  Zergling x26  
  114  18:44  Mutalisk x2  
  118  18:49  Mutalisk  
  120  18:58  Mutalisk x2  
  114  19:30  Mutalisk x5  
  107  19:35  Zergling x2  
  56  20:26  Hatchery  
Tags
 
Add a new tag
Caveats
  • Supply blocks, unpowered buildings, or Contaminate may cause inaccurate times.
  • Supply counts are checked every 10 seconds.